Cogmind - Beta 14 @@@ ROGUE MODE // 2024.09.22 @ 11:08:25 Player: Mallow Result: Destroyed by as-31048 with Assembled Rifle Performance ------------- Evolutions (0) 0 Regions Visited (2) 400 Robots Destroyed (11) 55 Value Destroyed (250) 250 Prototype IDs (0) 0 Alien Tech Used (0) 0 Bonus (23) 23 TOTAL SCORE: 728 Bonus ------- Follower Combat Kills 39 Friendly Fire -16 Cogmind --------- Core Integrity 0/250 Matter 300/300 Energy 64/100 System Corruption 0% Temperature Cool (72) Movement Treading (160) Location -10/Mines Parts ------- > --- POWER (1) -------- (None) > --- PROPULSION (2) --- Light Treads > --- UTILITY (2) ------ Small Storage Unit Structural Scanner > --- WEAPON (2) ------- Beamcaster > --- INVENTORY (8) ---- Ion Engine Ion Engine Light Nuclear Core Small Storage Unit Structural Scanner ECM Suite Hacking Suite Mining Laser Peak State ------------ > --- POWER ------------ Ion Engine > --- PROPULSION ------- Light Treads > --- UTILITY ---------- Small Storage Unit Structural Scanner > --- WEAPON ----------- Beamcaster Assault Rifle > --- INVENTORY -------- Ion Engine Ion Engine Light Nuclear Core Small Storage Unit Structural Scanner ECM Suite Hacking Suite Mining Laser [Rating: 11] Favorites ----------- Power Ion Engine Engine Ion Engine Propulsion Light Treads Treads Light Treads Utility Small Storage Unit Device Structural Scanner Storage Small Storage Unit Weapon Assault Rifle Energy Gun Particle Gun Ballistic Gun Assault Rifle Special Weapon Mining Laser Build | -11 -10 -10 ------- Run | Yrd Mat Min Slots Evolved . | . . . Power . | . . . Propulsion . | . . . Utility . | . . . Weapon . | . . . Parts Attached 11 | 6 2 3 Power 1 | 1 . . Engine 1 | 1 . . Core . | . . . Reactor . | . . . Propulsion 2 | 2 . . Treads 2 | 2 . . Leg . | . . . Wheel . | . . . Hover . | . . . Flight . | . . . Utility 2 | 1 . 1 Device 1 | . . 1 Storage 1 | 1 . . Processor . | . . . Hackware . | . . . Protection . | . . . Artifact . | . . . Weapon 6 | 2 2 2 Energy Gun 3 | 1 1 1 Energy Cannon . | . . . Ballistic Gun 2 | 1 1 . Ballistic Cannon . | . . . Launcher . | . . . Special Weapon 1 | . . 1 Impact Weapon . | . . . Slashing Weapon . | . . . Piercing Weapon . | . . . Special Melee Weapon . | . . . Unidentified Prototypes . | . . . Parts Lost 5 | . 1 4 Power 1 | . . 1 Propulsion 1 | . . 1 Utility . | . . . Weapon 3 | . 1 2 Highest Loss Streak 2 | . 1 2 To Critical Strikes 1 | . . 1 Average Slot Usage (%) 86 | . 85 91 Engine 13 | . 14 13 Treads 26 | . 28 22 Device 3 | . . 13 Storage 14 | . 14 14 Energy Gun 10 | . 10 11 Ballistic Gun 16 | . 17 13 Peak Build Rating 11 | 6 8 11 Average Rating 7 | 4 7 8 On Entrance 4 | . 6 8 Naked Turns . | . . . Heaviest Build 18 | 14 15 18 Greatest Support 40 | 40 40 40 Greatest Overweight (x) . | . . . Average Overweight (x) . | . . . Largest Inventory Capacity 8 | 8 8 8 Average Capacity 7 | 6 8 8 Most Carried 8 | 1 8 8 Average Carried 5 | . 5 7 Final Capacity 8 | 8 8 8 Final Carried 8 | 1 8 8 Class Distribution -------------------- 100% | Mutant Dominant Class ---------------- Mutant | -10/Materials Mutant | -10/Mines Resources | -11 -10 -10 ----------- Run | Yrd Mat Min Matter Collected 443 | 236 158 49 Remotely . | . . . Salvage Created 327 | . 311 16 Parts 24 | . 24 . Haulers Intercepted . | . . . Recyclers Shooed . | . . . Parts Field Recycled . | . . . Retrieved Matter . | . . . Parts Self-Destructed . | . . . Prevented . | . . . Kills | -11 -10 -10 ------- Run | Yrd Mat Min Combat Hostiles Destroyed 9 | . 8 1 Guns 9 | . 8 1 Classes Destroyed 6 | . 5 1 Builder 1 | . 1 . Operator 1 | . 1 . Watcher 1 | . 1 . Swarmer 3 | . 3 . Grunt 5 | . 5 . Assembled 1 | . . 1 Best Kill Streak 3 | . 3 1 Combat Bots Only 3 | . 3 1 Max Kills in Single Turn 1 | . 1 1 Gunslinging . | . . . Exploded . | . . . Melee . | . . . Uniques/NPCs Destroyed . | . . . Combat | -11 -10 -10 -------- Run | Yrd Mat Min Hostile Shots Fired 78 | . 50 28 Missed 19 | . 16 3 Damage Taken 838 | . 382 456 Core 254 | . 107 147 Absorbed by Shields . | . . . Core Remaining (%) 100 | 100 . . Volleys Fired 44 | . 33 11 Largest 2 | . 2 2 Hottest 85 | . 85 85 Shots Fired 83 | . 66 17 Gun 83 | . 66 17 Cannon . | . . . Launcher . | . . . Special . | . . . Kinetic 63 | . 55 8 Thermal 20 | . 11 9 Explosive . | . . . Electromagnetic . | . . . Robot Hit Streak 7 | . 7 4 Robot Miss Streak 3 | . 3 3 Penetration Max . | . . . Secondary Targets 1 | . . 1 Max Gunslinging Chain 1 | . . 1 Shots Hit Robots 52 | . 44 8 Core Hits 22 | . 20 2 Critical Kills . | . . . Critical Parts Destroyed . | . . . Critical Strikes . | . . . Melee Attacks . | . . . Impact . | . . . Slashing . | . . . Piercing . | . . . Sneak Attacks . | . . . Combat Hostiles . | . . . Follow-up Attacks . | . . . Damage Inflicted 656 | . 523 133 Guns 653 | . 520 133 Cannons . | . . . Explosions . | . . . Melee . | . . . Ramming 3 | . 3 . Kinetic 436 | . 380 56 Thermal 217 | . 140 77 Explosive . | . . . Electromagnetic . | . . . Impact . | . . . Slashing . | . . . Piercing . | . . . Highest Corruption . | . . . Average Corruption . | . . . Corruption Purged . | . . . Corruption Blocked . | . . . Overload Shots . | . . . Overflow Damage . | . . . Projectiles . | . . . Explosions . | . . . Melee . | . . . Knockbacks . | . . . Impact . | . . . Kinetic . | . . . Secondary . | . . . Self-Inflicted Damage . | . . . Shots . | . . . Rammed 2 | . 2 . Targets Rammed 2 | . 2 . Kicked . | . . . Crushed . | . . . Highest Temperature 216 | . 84 216 Average Temperature 41 | . 21 78 Received Heat Transfer 288 | . 168 120 Siege Activations . | . . . Robots Corrupted . | . . . Combat Hostiles . | . . . Parts Fried . | . . . Impact Corruptions . | . . . Robots Melted . | . . . Combat Hostiles . | . . . Parts Melted . | . . . Heat Transferred 518 | . 333 185 Parts Sabotaged . | . . . Parts Stolen . | . . . Parts Stripped . | . . . Power Chain Reactions . | . . . Alert | -11 -10 -10 ------- Run | Yrd Mat Min Peak Influence 144 | . 144 32 Initial . | . . . Average 34 | . 49 2 Maximum Alert Level . | . . . Low Security (%) 100 | 100 100 100 Level 1 . | . . . Level 2 . | . . . Level 3 . | . . . Level 4 . | . . . Level 5 . | . . . High Security . | . . . Max Security . | . . . Squads Dispatched 2 | . 2 . Investigation 1 | . 1 . Extermination . | . . . Reinforcement 1 | . 1 . Assault . | . . . Garrison . | . . . Intercept . | . . . Searches Triggered . | . . . Construction Impeded . | . . . Haulers Reinforced . | . . . Active Scanning Responses . | . . . Cargo Convoy Interrupts . | . . . Stealth | -11 -10 -10 --------- Run | Yrd Mat Min Distress Signals . | . . . Communications Jammed . | . . . Distress Signals . | . . . Times Spotted 22 | . 12 10 Peak Tracking Total 3 | . 3 3 Tactical Retreats 1 | . 1 . Traps | -11 -10 -10 ------- Run | Yrd Mat Min Traps Triggered . | . . . Indirectly . | . . . Trap Hack Attempts . | . . . Triggered . | . . . Disarmed . | . . . Reprogrammed . | . . . Reused . | . . . Traps Extracted . | . . . Installed . | . . . Triggered . | . . . Machines | -11 -10 -10 ---------- Run | Yrd Mat Min Machines Disabled . | . . . Max in Single Turn . | . . . Machines Repaired . | . . . Machines Dismantled . | . . . Machines Sabotaged . | . . . Overloaded Fab Kills . | . . . Hacking | -11 -10 -10 --------- Run | Yrd Mat Min Machines Accessed 4 | . 4 . Terminals 3 | . 3 . Fabricators . | . . . Repair Stations . | . . . Recycling Units 1 | . 1 . Scanalyzers . | . . . Garrison Access . | . . . Total Hacks 9 | . 9 . Successful 4 | . 4 . Failed 5 | . 5 . Catastrophic . | . . . Database Lockouts . | . . . Manual . | . . . Terminals 8 | . 8 . Fabricators . | . . . Repair Stations . | . . . Recycling Units 1 | . 1 . Scanalyzers . | . . . Garrison Access . | . . . Terminal Hacks 3 | . 3 . Emergency Access Points 1 | . 1 . Hauler Manifests 1 | . 1 . Registered Components 1 | . 1 . Fabricator Hacks . | . . . Repair Station Hacks . | . . . Recycling Unit Hacks 1 | . 1 . Retrieve Components 1 | . 1 . Scanalyzer . | . . . Garrison Access Hacks . | . . . Unauthorized Hacks . | . . . Terminals . | . . . Fabricators . | . . . Repair Stations . | . . . Recycling Units . | . . . Scanalyzers . | . . . Garrison Access . | . . . Data Cores Recovered . | . . . Used . | . . . Hacking Detections 2 | . 2 . Full Trace Events 1 | . 1 . Feedback Events . | . . . Feedback Blocked . | . . . Robot Schematics Acquired . | . . . Robots Built . | . . . Authchips . | . . . Time . | . . . Total Robot Build Rating . | . . . Part Schematics Acquired . | . . . Parts Built . | . . . Authchips . | . . . Time . | . . . Total Part Build Rating . | . . . Parts Repaired . | . . . Time . | . . . Parts Recycled . | . . . Recycled Matter . | . . . Retrieved Matter . | . . . Retrieved Components 1 | . 1 . Parts Scanalyzed . | . . . Part Schematics Acquired . | . . . Parts Damaged . | . . . Bothacking | -11 -10 -10 ------------ Run | Yrd Mat Min Used RIF Installer . | . . . Robots Hacked . | . . . Non-combat . | . . . Combat . | . . . Robot Hacks Applied . | . . . Relay Couplers Released . | . . . Fabnet Peak Effective % . | . . . Robots Rewired . | . . . Allies Hacked . | . . . Hacks Repelled . | . . . Allies | -11 -10 -10 -------- Run | Yrd Mat Min Total Allies 3 | . . 3 Largest Group 2 | . . 2 Highest-Rated Group 44 | . . 44 Highest-Rated Ally 31 | . . 31 Total Orders . | . . . Ally Attacks 32 | . . 32 Total Damage 416 | . . 416 Kills 8 | . . 8 Allies Corrupted . | . . . Allies Melted . | . . . Intel | -11 -10 -10 ------- Run | Yrd Mat Min Robot Analysis Total . | . . . Derelict Logs Recovered . | . . . Drone Launches . | . . . Drone Recoveries . | . . . Exploration | -11 -10 -10 ------------- Run | Yrd Mat Min Turns Passed 1349 | 94 919 336 Spaces Moved 738 | 55 497 186 Core 3 | 3 . . Treads 735 | 52 497 186 Legs . | . . . Wheels . | . . . Hover . | . . . Flight . | . . . Fastest Speed 50 | 50 160 160 Average Speed 159 | 154 160 160 Slowest Speed 160 | 160 160 160 Overloaded Moves . | . . . Propulsion Burnouts . | . . . Robots Hopped . | . . . Cave-ins Triggered . | . . . Exploration Rate (%) 35 | 4 63 38 Regions Visited 2 Branch Regions 1 Pre-discovered Areas . | . . . Known Exits Taken . | . . . Unknown Exits Taken 2 | 1 1 . Scrap Searched . | . . . Spaces Dug . | . . . Terrain Destroyed . | . . . Melee . | . . . Projectile . | . . . AOE . | . . . Terrain Rammed . | . . . Walls Destroyed . | . . . Machines Disabled . | . . . Actions | -11 -10 -10 --------- Run | Yrd Mat Min Total 826 | 61 558 207 Wait 22 | . 17 5 Move 736 | 54 496 186 Hop . | . . . Pick Up 9 | 1 7 1 Fast Attach 9 | 6 2 1 Attach 2 | . . 2 Detach 1 | . . 1 Swap . | . . . Drop 1 | . 1 . Fire 44 | . 33 11 Melee . | . . . Ram . | . . . Kick . | . . . Crush 2 | . 2 . Escape Stasis . | . . . Rewire . | . . . Trap . | . . . Miscellaneous . | . . . Route ------- -11/Scrapyard -10/Materials (discovered 2 exits: [*Mat] / [*Min]) -10/Mines (discovered 1 exit: [*Mat]) History --------- Turn | Location | Event 9 | -11/Scrapyard | Discovered new exit (range 15) 95 | -11/Scrapyard | Entered Materials 304 | -10/Materials | Build established: Mutant 411 | -10/Materials | Discovered new exit (range 16) 756 | -10/Materials | Discovered new exit (range 12) 1014 | -10/Materials | Entered Mines 1017 | -10/Mines | Received a Mining Laser from a helpful Derelict 1040 | -10/Mines | Discovered new exit (range 12) 1120 | -10/Mines | Assembled infested the area 1125 | -10/Mines | Assisted by a Guerilla fighting off Assembled 1262 | -10/Mines | Core integrity fell below 50% 1291 | -10/Mines | Core integrity fell below 20% 1350 | -10/Mines | Destroyed by as-31048 with Assembled Rifle Last Messages --------------- Acquired 3 matter. K-01 Serf destroyed. as-21404 destroyed. as-87265 destroyed. Switching to secondary target: as-81287. Destroyed Asb. F-torch. as-81287 destroyed. Particle Gun destroyed. as-76836 destroyed. as-34669 destroyed. as-98299 destroyed. Acquired 14 matter. Acquired 12 matter. K-01 Serf destroyed. 3P-U5D(g) destroyed. Acquired Beamcaster. Acquired 10 matter. Critical hit (Destroy). Assault Rifle destroyed. Ion Engine destroyed. Map ----- +----------------------------------------------------+ | ?????????????????????????????????????? | | ?????????????????????????????????????? | | ?????????????????????????????????????? | | ?????????????????????????????????????? | | ?????????????????????????????????????? | | ?????????????????????????????????????? | | ?????????????????????????????????????? | | ?????????????????????????????????????? | | ?????????????????????????????????????? | | ?????????????????????????????????????? | | ?????????????????????"####???????????? | | ???????#######?????? ####???????????? | | ???????#######?????? " ##???????????? | | ???????#=| ###???##= ;##????????????? | | ???????? %= ####?###% ###????????????? | | ????????## ######; ;##? ??????????? | | ???????### ##### ##? ??????????? | | ?????##### % ### ##????????? | | ????##### * = ### ##????????? | | ????### %= ## ##????????? | | ????## ##????????? | | ????## """ ;## ##???????? | | ????## """ ### # ####??????? | | ????## """ !% # ## ###??????? | | ????### * # % #??????? | | ????#### @ % a % | ##??????# | | ?????### % % ## % ##???#### | | ?????## ##### # % % ######### | | ?###### ###### ## ! % # ####### | | ####### ###??# ### * " | | ### ##??# !% "% " | | ## % ##??## ########### " | | ## #### ###??### ############ | | ## #########??###########???????## | | ### % #######?????################## | | ### ###?????????????############# | | ?## ###????????????### #### | | ?## ####??????????### ## < | | ?## ###???????###### | | ?## ##??????###### # | | ?## ###??????### """ ## | | ?## ####?????### """ #### | | ?## ####?####### ### """ ##### | | ?### ############ ##### ###?? | | ?#### %!##### ##### ###### ###### | | ??#### ### #########?## ######## | | ???#### #######???## ####### | | ????#### ###????????## ###### | | ?????#### ####????????## ###### | | ??????###########?????????## | +----------------------------------------------------+ Best States ------------- Heat Dissipation 25 Energy Generation 10 Energy Capacity 250 Matter Stores 300 Matter Capacity 300 Sight Range 16 Terrain Scan Density 10 Evasion (%) 40 Recoil Reduction 2 Item Schematics ----------------- None Robot Schematics ------------------ None Fabricated ------------ Nothing Alien Tech Used ----------------- None Achievements -------------- None Challenges ------------ None Game ------ Seed QuantumDeliveryRigger Manual? 0 Play Time 00:10:49 Cumulative 31.3 hours Start 2024.09.22 @ 10:51:24 End 2024.09.22 @ 11:08:25 Sessions 1 Manual Loads 0 Difficulty Rogue Special Mode None Game No. 59 Rogue 59 Adventurer 0 Explorer 0 Win Type - Total 0 Types 0/0/0/0/0/0/0/0/0 Lore% 13 Gallery% 31 Achievement% 23 Wizard Run 0 Options --------- Layout 0 ASCII 0 Keyboard 0 Movement Arrows Keybinds 0 Fullscreen 2 Font 24/Smallcaps Map View 56x25 Zoom Use 67% Tactical HUD 0 Map Filters NONE Filters NONE Steam 1 RUN: 9a01bb8b-6f1d-4af5-b0d3-b7fcb4824aa4